Unix NetHack Version 5.0.0-0 post-release - last build May  4 2026 22:22:43 (774f63e81ad911689b3a0859ea89b322d5daca8d,branch:main).

Game began 2026-05-08 06:06:24, ended 2026-05-08 06:18:27.

7spoons, lawful female human Valkyrie

                                        ----
                                        |..---
                      ---              --....--
                      |..              |......---
                      |..--             -......<|
                      |...              |......--
                     --...             --..>..--
                    --....-            |.....--
                    |.....---          |.....|
                     -....f.--         ---..--
                     |...--..--          --.--
                     |... --@:---         |..|
                     -..   --...--       --.--
                     ...    ---^.|     ---.--
                    ...       --.--  ---......-
                   -...        |..| --...--..--
                   -..-        --.---..--- ---
                   ...          |.....--
                  ..--          |....--
                  --            ---.--
                                  ---
7spoons the Stripling       St:18/03 Dx:13 Co:15 In:9 Wi:7 Ch:11  Lawful
Dlvl:3  $:35 HP:0(16) Pw:3(3) AC:6  Xp:1 T:896 

Latest messages:
 You descend the stairs.
 The gnome throws a dagger!
 You are hit by a dagger.
 The gnome wields 3 daggers!
 The kitten bites the gnome.
 The gnome is killed!
 You see here a dagger.
 You learn more about your items by comparing them.
 b - a +0 dagger (alternate weapon; not wielded) (2 in total).
 You see here 3 daggers.
 You learn more about your items by comparing them.
 b - 3 +0 daggers (alternate weapons; not wielded) (5 in total).
 A gush of water hits the gnome's left arm!
 The gnome throws an orcish spear!
 You are hit by an orcish spear.
 p - an orcish spear.
 You miss the gnome.
 The kitten misses the gnome.
 The kitten bites the gnome.
 The gnome is killed!
 Pick a monster, object or location.
 Pick a monster, object or location.
 You swap places with your kitten.
 The kitten bites the gnome lord.
 The gnome lord thrusts one of his daggers at the kitten.
 The gnome lord misses the kitten.
 You hit the gnome lord!
 The kitten misses the gnome lord.
 The gnome lord thrusts one of his daggers.
 The gnome lord hits!
 The kitten bites the gnome lord.
 The gnome lord thrusts one of his daggers at the kitten.
 The gnome lord misses the kitten.
 You hit the gnome lord!
 The kitten misses the gnome lord.
 The gnome lord thrusts one of his daggers.
 The gnome lord hits!
 The kitten misses the gnome lord.
 It bites the gnome lord.
 The gnome lord is killed!
 Your kitten eats a gnome lord corpse.
 You hear crashing rock.
 You miss the gecko.
 The gecko bites!
 You die...
 Do you want your possessions identified? [ynq] (y) y
 Do you want to see your attributes? [ynq] (y) n
 Do you want an account of creatures vanquished? [ynaq] (y) n
 Do you want to see your conduct and achievements? [ynq] (y) n
 Do you want to see the dungeon overview? [ynq] (y) y

Inventory:
 Coins    ('$')
  $ - 35 gold pieces
 Weapons  (')')
  b - 5 +0 daggers (alternate weapons; not wielded)
  p - a +0 orcish spear
  a - a +1 spear (weapon in right hand)
 Armor    ('[')
  c - a blessed +3 small shield (being worn)
 Comestibles  ('%')
  i - an uncursed fortune cookie
  h - 2 uncursed lembas wafers
 Scrolls  ('?')
  g - an uncursed scroll of enchant armor
  l - an uncursed scroll of enchant weapon
 Potions  ('!')
  m - an uncursed potion of healing
  n - a cursed potion of levitation
  k - an uncursed potion of water
 Tools    ('(')
  e - an uncursed leash
  o - a +0 pick-axe
 Gems/Stones  ('*')
  j - an uncursed flint stone

7spoons the Valkyrie's attributes:

Background:
 You were a Stripling, a level 1 human Valkyrie.
 You were lawful, on a mission for Tyr
 who was opposed by Odin (neutral) and Loki (chaotic).
 You were right-handed.
 You were in the Gnomish Mines, on level 3.
 You entered the dungeon 896 turns ago.
 You had 11 experience points, 9 more were needed to attain level 2.

Basics:
 You had 0 out of 16 hit points.
 You had all 3 energy points (spell power).
 Your armor class was 6.
 Your wallet contained 35 zorkmids.
 Autopickup was off.

Final Characteristics:
 Your strength was 18/03 (limit:18/100).
 Your dexterity was 13 (limit:18).
 Your constitution was 15 (limit:18).
 Your intelligence was 9 (limit:18).
 Your wisdom was 7 (limit:18).
 Your charisma was 11 (limit:18).

Final Status:
 You weren't hungry.
 You were unencumbered.
 You were wielding a spear.
 You had basic skill with spear.

Final Attributes:
 You were fervently aligned.
 You were cold resistant.
 You are dead.

Miscellaneous:
 You didn't encounter any bones levels.
 Total elapsed playing time was 12 minutes and 2 seconds.

Major events:
 Turn
    1: 7spoons the lawful human Valkyrie entered the dungeon
  640: entered the Gnomish Mines
  896: killed by a gecko

You didn't know any spells.

Skills:
 Fighting Skills
   bare handed combat [Unskilled]
   two weapon combat  [Unskilled]
   riding             [Unskilled]
 Weapon Skills
   dagger             [Basic]
   axe                [Unskilled]
   pick-axe           [Unskilled]
   short sword        [Unskilled]
   broadsword         [Unskilled]
   long sword         [Unskilled]
   two-handed sword   [Unskilled]
   saber              [Unskilled]
   hammer             [Unskilled]
   quarterstaff       [Unskilled]
   polearms           [Unskilled]
   spear              [Basic]
   trident            [Unskilled]
   lance              [Unskilled]
   sling              [Unskilled]
 Spellcasting Skills
   attack spells      [Unskilled]
   escape spells      [Unskilled]

Voluntary challenges:
 Character rerolling was not enabled.
 You were an atheist.
 You were illiterate.
 You never genocided any monsters.
 You never polymorphed an object.
 You never changed form.
 You used no wishes.
Achievements:
 You entered a shop.
 You entered the Gnomish Mines.

 The Dungeons of Doom: levels 1 to 2
    Level 1:
    Level 2:
       An armor shop, a fountain.
       Stairs down to The Gnomish Mines.
 The Gnomish Mines:
    Level 3: <- You were here.
       Final resting place for
          you, killed by a gecko.


Vanquished creatures:
  a gnome leader
  2 gnomes
  5 jackals
  2 foxes
  2 kobolds
  a lichen
  7 newts
20 creatures vanquished.

No species were genocided or became extinct.

Game over:
                       ----------
                      /          \
                     /    REST    \
                    /      IN      \
                   /     PEACE      \
                  /                  \
                  |     7spoons      |
                  |      35 Au       |
                  |   killed by a    |
                  |      gecko       |
                  |                  |
                  |                  |
                  |       2026       |
                 *|     *  *  *      | *
        _________)/\\_//(\/(/\)/\//\/|_)_______

Farvel 7spoons the Valkyrie...

You died in The Gnomish Mines on dungeon level 3 with 176 points,
and 35 pieces of gold, after 896 moves.
You were level 1 with a maximum of 16 hit points when you died.

